 Dungeon Crawl Stone Soup version 0.22.0-25-g7663229 (webtiles) character file.

756 corax the Magician (level 7, 0/52 HPs)
             Began as a Mummy Warper on Aug 20, 2018.
             Killed from afar by an orc wizard (7 damage)
             ... with a magic dart
             ... on level 6 of the Dungeon.
             The game lasted 00:13:28 (7707 turns).

corax the Magician (Mummy Warper)                   Turns: 7707, Time: 00:13:29

Health: 0/52       AC:  5    Str: 15    XL:     7   Next: 50%
Magic:  9/13       EV: 12    Int: 14    God:
Gold:   276        SH:  0    Dex: 11    Spells: 13/15 levels left

rFire    x . .     SeeInvis +   a - +0 falchion
rCold    + . .     Gourm    .   (no shield)
rNeg     + + +     Faith    .   l - +0 leather armour {MR+}
rPois    ∞         Spirit   .   g - +0 hat
rElec    .         Reflect  .   (no cloak)
rCorr    .         Harm     .   k - +1 pair of gloves
MR       +....                  (no boots)
Stlth    ++........             (no amulet)
HPRegen  0.17/turn              i - ring of see invisible
MPRegen  0.13/turn              n - ring of stealth

@: very slightly contaminated
A: no food or potions, fire vulnerability, cold resistance 1, negative energy
resistance 3, torment resistance, unbreathing
a: no special abilities


You were on level 6 of the Dungeon.
You were not hungry.

You visited 1 branch of the dungeon, and saw 6 of its levels.

You collected 276 gold pieces.

Inventory:

Hand Weapons
 a - a +0 falchion (weapon)
Missiles
 e - 4 tomahawks of dispersal (quivered)
Armour
 g - a +0 hat (worn)
 k - a +1 pair of gloves (worn)
 l - a +0 leather armour of magic resistance (worn)
Jewellery
 i - a ring of see invisible (left hand)
 n - a ring of stealth (right hand)
Wands
 o - a wand of iceblast (7)
Scrolls
 b - 2 scrolls of magic mapping {unknown}
 c - 8 scrolls of remove curse {unknown}
 d - 2 scrolls of blinking
 f - 4 scrolls of teleportation {unknown}
 h - 2 scrolls of fog {unknown}
 j - 6 scrolls of identify {unknown}
 m - a scroll of enchant weapon {unknown}
 p - a scroll of enchant armour {unknown}
 q - a scroll of vulnerability {unknown}


   Skills:
 + Level 3.6 Fighting
 + Level 3.0 Long Blades
 + Level 2.5 Throwing
 + Level 2.6 Armour
 + Level 3.0 Dodging
 + Level 4.5 Spellcasting
 + Level 3.4 Translocations


You had 13 spell levels left.
You knew the following spells:

 Your Spells              Type           Power        Failure   Level  Hunger
a - Blink                 Tloc           N/A          9%          2    N/A

Your spell library contained the following spells:

 Spells                   Type           Power        Failure   Level  Hunger
 Gell's Gravitas          Tloc           ##........   16%         3    N/A
 Lesser Beckoning         Tloc           ##........   16%         3    N/A
 Teleport Other           Tloc           ##......     16%         3    N/A
 Shroud of Golubria       Chrm/Tloc      #.........   17%         2    N/A
 Passage of Golubria      Tloc           N/A          47%         4    N/A

Dungeon Overview and Level Annotations

Branches:
Dungeon (6/15)
 Temple: D:4-7

Altars:
Elyvilon
Uskayaw


Innate Abilities, Weirdness & Mutations

You do not eat or drink.
Your flesh is vulnerable to fire.
You are immune to poison.
Your flesh is cold resistant. (rC+)
You are immune to negative energy. (rN+++)
You are immune to unholy pain and torment.
You can survive without breathing.


Message History

The orc wizard barely misses you.
The orc wizard points at you and mumbles some strange words.
The magic dart hits you!
* * * LOW HITPOINT WARNING * * *
The orc wizard gestures wildly while chanting.
The orc wizard blinks!
The orc wizard gestures at you while chanting.
The magic dart hits you!
* * * LOW HITPOINT WARNING * * *
Casting: Blink (safe; 9% risk of failure)
Confirm with . or Enter, or press ? or * to list all spells.
You miscast Blink.
You are very lightly contaminated with residual magic.
Nothing appears to happen.
Casting: Blink (safe; 9% risk of failure)
Confirm with . or Enter, or press ? or * to list all spells.
You blink.
The orc wizard points at you and mumbles some strange words.
The magic dart hits you!
You die...

#...# #.# #o..# ...
#.o.#.....
#...#...........#
#...#...........#
#...#...........#
#...# ..........#
#...# ..........#
#@..# ..........#
#......#
..........##
#.###..#
........Y... #
#....# ######.#o##
#...!# #o#.#.
#....# #o#.##
#....#########.#.##
#......o.Y.o.Y.#.o.
#...###############


You could see 2 orc wizards.

Vanquished Creatures
  An ogre (D:6)
  2 scorpions (D:4)
  2 howler monkeys (D:6)
  2 hounds
  2 orc priests (D:5)
  2 orc wizards (D:5)
  An iguana (D:4)
  3 worker ants
  A hound skeleton (D:4)
  11 adders
  An ooze (D:2)
  6 worms
  2 dart slugs
  A leopard gecko (D:3)
  9 orcs
  7 giant cockroaches
  12 goblins
  7 hobgoblins
  3 jackals (D:6)
  7 kobolds
  3 quokkas
  A ball python (D:6)
  5 bats
  2 frilled lizards (D:3)
  3 rats
96 creatures vanquished.

Notes
Turn   | Place    | Note
-------+----------+-------------------------------------------
     0 | D:1      | corax the Mummy Warper began the quest for the Orb.
     0 | D:1      | Reached XP level 1. HP: 16/16 MP: 4/4
   316 | D:1      | Reached skill level 1 in Throwing
   527 | D:1      | Reached skill level 1 in Armour
   527 | D:1      | Reached XP level 2. HP: 22/22 MP: 5/5
   879 | D:1      | Learned a level 2 spell: Blink
   936 | D:2      | HP: 1/22 [kobold/short sword (6)]
   938 | D:2      | Reached skill level 3 in Spellcasting
  1319 | D:2      | Reached XP level 3. HP: 21/27 MP: 7/7
  2155 | D:2      | Reached XP level 4. HP: 33/34 MP: 8/8
  2398 | D:3      | Found a hide-covered altar of Uskayaw.
  3070 | D:3      | Found a faded altar of an unknown god.
  3094 | D:3      | Reached XP level 5. HP: 28/39 MP: 10/10
  4535 | D:4      | Reached XP level 6. HP: 27/47 MP: 11/11
  4945 | D:4      | Reached skill level 4 in Spellcasting
  5452 | D:5      | Entered Level 5 of the Dungeon
  5580 | D:5      | Found a white marble altar of Elyvilon.
  6273 | D:6      | Reached XP level 7. HP: 33/52 MP: 13/13
  7707 | D:6      | Killed from afar by an orc wizard

Skill      XL: |  1  2  3  4  5  6  7 |
---------------+----------------------+-----
Throwing       | 1 2 |  2.5
Armour         | 1 2 |  2.6
Spellcasting   | 3 4 |  4.5
Dodging        | 2 3 |  3.0
Long Blades    | 2 3 |  3.0
Fighting       | 3 |  3.6
Translocations | 3 |  3.4

Action                   |  1- 3 |  4- 6 |  7- 9 || total
-------------------------+-------+-------+-------++-------
Melee: Falchion          |   125 |   270 |    94 ||   489
Throw: Tomahawk          |       |     1 |       ||     1
 Cast: Blink             |       |     5 |     6 ||    11
 Stab: Sleeping          |       |     1 |       ||     1
Armor: Leather armour    |    45 |    64 |    29 ||   138
Dodge: Dodged            |    70 |   226 |    61 ||   357
       Rpst.: Falchion   |    17 |    65 |    21 ||   103
